 Dungeon Crawl Stone Soup version 0.31.0-9-g3a7656b989 (webtiles) character file.

Game seed: 5454578568922312760

100 GordonOverkill the Magician (level 4, -10/31 (36) HPs)
             Began as a Demigod Gladiator on Jan 27, 2024.
             Mangled by a hell rat (16 damage)
             ... in a sewer.
             The game lasted 00:04:13 (2228 turns).

GordonOverkill the Magician (Demigod Gladiator)     Turns: 2228, Time: 00:04:14

HP:   -10/31 (36)   AC:  4    Str: 15    XL:     4   Next: 23%
MP:   11/11         EV: 12    Int: 14    God:
Gold: 59            SH:  0    Dex: 15    Spells: 9/9 levels left

rFire   . . .        p - +4 dagger (drain)
rCold   . . .        (no shield)
rNeg    . . .        b - +0 leather armour
rPois   .            c - +0 helmet
rElec   .            (no cloak)
rCorr   .            (no gloves)
SInv    .            (no boots)
Will    .....        (no amulet)
Stlth   +            (no ring)
HPRegen 0.25/turn    (no ring)
MPRegen 0.12/turn

%: no passive effects
@: mighty, heavily drained
A: high MP 1, forlorn, divine attributes
a: no special abilities


You were in a sewer.
You visited 1 branch of the dungeon, and saw 3 of its levels.
You also visited: Sewer.

You collected 119 gold pieces.
You spent 60 gold pieces at shops.

Inventory:

Hand Weapons
 p - a +4 dagger of draining (weapon)
Missiles
 d - 3 throwing nets (quivered)
 e - a javelin
Armour
 b - a +0 leather armour (worn)
 c - a +0 helmet (worn)
Scrolls
 o - a scroll of enchant armour {unknown}
Potions
 a - a potion of mutation {unknown}
 f - 2 potions of curing


   Skills:
 - Level 2.0 Fighting
 - Level 2.6 Short Blades
 - Level 1.7 Throwing
 - Level 2.6 Dodging
 - Level 3.0 Spellcasting
 + Level 1.3 Conjurations


You had 9 spell levels left.
You didn't know any spells.
Your spell library contained the following spells:

 Spells                   Type           Power      Damage    Failure   Level
 Ensorcelled Hibernation  Hex/Ice        4%         N/A       36%         2
 Passwall                 Erth           2%         N/A       61%         3
 Swiftness                Air            2%         N/A       61%         3


Dungeon Overview and Level Annotations

Branches:
Dungeon (3/15)              Sewer (1/1)

Shops:
D:3 *


Innate Abilities, Weirdness & Mutations

You have an increased reservoir of magic. (+10% MP)
You shall have no god before yourself.
Your divine heritage dramatically boosts your attributes as you level up.


Message History

You feel drained.
* * * LOW HITPOINT WARNING * * *
The hell rat attacks as it pursues you! The hell rat bites you.
* * * LOW HITPOINT WARNING * * *
You feel drained.
* * * LOW HITPOINT WARNING * * *
There is an open door, spattered with blood here.
Okay, then.
You feel much better.
The hell rat splashes around in the water.
You feel very mighty all of a sudden. The hell rat bites you.
* * * LOW HITPOINT WARNING * * *
You feel drained.
* * * LOW HITPOINT WARNING * * *
You hit the hell rat.
The hell rat is lightly wounded.
The hell rat splashes around in the water.
The hell rat misses you.
You hit the hell rat.
The hell rat is heavily wounded.
You closely miss the hell rat.
The hell rat is heavily wounded.
The hell rat splashes around in the water.
The hell rat barely misses you.
You barely miss the hell rat.
The hell rat is heavily wounded.
The hell rat splashes around in the water.
You barely miss the hell rat.
The hell rat is heavily wounded.
The hell rat barely misses you.
You hit the hell rat but do no damage.
The hell rat is heavily wounded.
The hell rat bites you!
* * * LOW HITPOINT WARNING * * *
You hit the hell rat.
The hell rat is heavily wounded.
The hell rat bites you!
Ouch! That really hurt!
You die...

#########
###~.~..~~###
#.~~~.~.~~~.###
~~~.##@##...~.# ~
#~r~###~~.##
#~~~~~~~##~~.# ~
#..~~~~~~~#~.~#
~~##~/??!?~##..~#
~~~###!∩?###.~.##
~.~~.#####.†...#
#.~.~~∩~.†~~###
###~~.∩~..###


You could see a hell rat.

Vanquished Creatures
  Robin (D:3)
  An adder (D:2)
  A river rat (D:3)
  2 dart slugs
  A ball python (D:2)
  7 endoplasms
  3 giant cockroaches (D:3)
  16 goblins
  8 hobgoblins
  2 jackals (D:1)
  2 quokkas (D:3)
  3 bats (D:1)
  2 frilled lizards (D:1)
  5 kobolds
  5 rats
59 creatures vanquished.

Vanquished Creatures (collateral kills)
  A quokka (D:3)
1 creature vanquished.

Grand Total: 60 creatures vanquished

Notes
Turn   | Place    | Note
-------+----------+-------------------------------------------
     0 | D:1      | GordonOverkill the Demigod Gladiator began the quest for
                  | the Orb.
     0 | D:1      | Reached XP level 1. HP: 17/17 MP: 3/3
   186 | D:1      | Reached skill level 1 in Spellcasting
   337 | D:1      | Reached XP level 2. HP: 23/24 MP: 4/6
   830 | D:2      | Reached skill level 2 in Spellcasting
   917 | D:2      | Reached XP level 3. HP: 14/29 MP: 9/9
  1840 | D:3      | Noticed Robin
  1868 | D:3      | Killed Robin
  1869 | D:3      | Reached skill level 3 in Spellcasting
  1920 | D:3      | Found Ovioxit's General Store.
  1931 | D:3      | Bought a potion of heal wounds for 60 gold pieces
  2074 | D:3      | Reached XP level 4. HP: 32/35 MP: 11/11
  2161 | D:3      | Reached skill level 1 in Conjurations
  2178 | D:3      | Found a glowing drain.
  2182 | Sewer    | Entered a sewer
  2219 | Sewer    | HP: 1/32 [hell rat (2)]
  2228 | Sewer    | Mangled by a hell rat

Illustrated notes

Levels and vault maps discovered:
D:1:      psy_arrival_terrarium, layout_loops_ring,
          shapermc_ecumenical_altar_mp_vishouse, minmay_parallelograms,
          st_stairs_3
D:2:      layout_loops_ring
D:3:      layout_basic, serial_shops, nicolae_shop_gibbet_a_chance,
          gup_sewer_entry_spiral, kennysheep_nub, hex_large, uniq_robin
Sewer:    sewer_hellmonk_bad_rat

Skill      XL: |  1  2  3  4 |
---------------+-------------+-----
Fighting       | 2 |  2.0
Spellcasting   | 1 2 3 |  3.0
Conjurations   | 1 |  1.3
Short Blades   | |  2.6
Throwing       | |  1.7
Dodging        | |  2.6

Action                     |  1- 3 |  4- 6 || total
---------------------------+-------+-------++-------
  Melee: Rapier            |   100 |       ||   100
         Punch             |     2 |       ||     2
         Dagger            |    47 |    45 ||    92
    Use: Scroll            |     9 |       ||     9
         Potion            |       |     2 ||     2
 Armour: Leather armour    |    98 |    19 ||   117
  Dodge: Dodged            |   123 |    18 ||   141
